 Dungeon Crawl Stone Soup version 0.29.0-7-g18a832c13a (webtiles) character file.

Game seed: 7584468495447153092

32 Arum the Shield-Bearer (level 3, 0/30 HPs)
             Began as a Formicid Fighter on Aug 30, 2022.
             Slain by a crimson imp (1 damage)
             ... summoned by Natasha
             ... on level 2 of the Dungeon.
             The game lasted 00:01:15 (843 turns).

Arum the Shield-Bearer (Formicid Fighter)            Turns: 843, Time: 00:01:16

Health: 0/30       AC:  6    Str: 22    XL:     3   Next: 42%
Magic:  3/3        EV:  9    Int:  7    God:
Gold:   31         SH:  5    Dex: 13    Spells: 2/2 levels left

rFire   . . .      SeeInvis +   a - +0 quarterstaff
rCold   . . .      Faith    .   c - +0 buckler
rNeg    . . .      Spirit   .   b - +0 scale mail
rPois   .          Reflect  .   (helmet unavailable)
rElec   .          Harm     .   (no cloak)
rCorr   .          Rampage  .   (no gloves)
Will    .....                   (no boots)
Stlth   ..........              (no amulet)
HPRegen 0.10/turn               (no ring)
MPRegen 0.08/turn               (no ring)

@: no status effects
A: permanent stasis, dig shafts and tunnels, antennae 3, four strong arms
a: Dig, Shaft Self


You were on level 2 of the Dungeon.
You visited 1 branch of the dungeon, and saw 2 of its levels.

You collected 31 gold pieces.

Inventory:

Hand Weapons
 a - a +0 quarterstaff (weapon)
Armour
 b - a +0 scale mail (worn)
 c - a +0 buckler (worn)
Scrolls
 f - a scroll of amnesia {unknown}
 g - 4 scrolls of identify {unknown}
 h - a scroll of enchant armour {unknown}
 k - 2 scrolls of vulnerability {unknown}
Potions
 d - a potion of might
 e - 2 potions of brilliance {unknown}
 i - a potion of curing {unknown}
 j - a potion of heal wounds {unknown}


   Skills:
 * Level 3.9 Fighting
 + Level 2.3 Staves
 + Level 3.6 Armour
 + Level 4.3 Shields


You had 2 spell levels left.
You didn't know any spells.
Your spell library was empty.

Dungeon Overview and Level Annotations

Branches:
Dungeon (2/15)

Altars:
Fedhas

Annotations:
D:2 Natasha


Innate Abilities, Weirdness & Mutations

You cannot be hasted, slowed, berserked, paralysed or teleported.
You can dig through walls and to a lower floor.
You have a pair of large antennae on your head. (SInv)
Your four strong arms can wield two-handed weapons with a shield.


Message History

The ball python closely misses you. The ball python barely misses you.
Natasha casts a spell at you. The magic dart hits you!
You hit the ball python.
You kill the ball python!
Natasha casts a spell.
The crimson imp blinks!
You closely miss the crimson imp. Natasha claws you. The crimson imp hits you.
You block Natasha's attack.
You hit the crimson imp.
The crimson imp is moderately wounded.
The crimson imp hits you but does no damage.
Natasha stares at you and mumbles some strange words.
You resist with some effort.
You sock the crimson imp!
The crimson imp is almost dead.
The crimson imp hits you but does no damage.
You block Natasha's attack.
You miss the crimson imp.
The crimson imp is almost dead.
The crimson imp completely misses you. You block Natasha's attack.
You barely miss the crimson imp.
The crimson imp is severely wounded.
You block the crimson imp's attack. Natasha closely misses you.
The crimson imp hits you.
You hit the crimson imp.
The crimson imp is severely wounded.
Natasha claws you!
The crimson imp blinks!
Natasha claws you.
* * * LOW HITPOINT WARNING * * *
You are too injured to fight recklessly!
You are too injured to fight recklessly!
You are too injured to fight recklessly!
You are too injured to fight recklessly!
You are too injured to fight recklessly!
Unknown command.
You hit Natasha but do no damage. Natasha claws you but does no damage.
You closely miss Natasha. Natasha claws you.
* * * LOW HITPOINT WARNING * * *
You miss Natasha. The crimson imp hits you.
You die...

.. ###. #
...####
.##.....#
.......# {
#.....#
##..h..#
#.##..$@..#
...!...5..#
..###...†.#
#.....#
###.### #.#
#.# #.# ...


You could see Natasha and a crimson imp (summoned).

Vanquished Creatures
  2 dart slugs (D:1)
  2 bats (D:1)
  2 endoplasms
  A giant cockroach (D:1)
  2 goblins (D:1)
  2 hobgoblins (D:1)
  2 jackals (D:1)
  A kobold (D:1)
  A quokka (D:1)
  4 ball pythons
  3 frilled lizards (D:1)
  4 rats (D:1)
26 creatures vanquished.

Vanquished Creatures (others)
  2 plants (D:1)
2 creatures vanquished.

Grand Total: 28 creatures vanquished

Notes
Turn   | Place    | Note
-------+----------+-------------------------------------------
     0 | D:1      | Arum the Formicid Fighter began the quest for the Orb.
     0 | D:1      | Reached XP level 1. HP: 18/18 MP: 1/1
   135 | D:1      | Reached XP level 2. HP: 21/24 MP: 2/2
   282 | D:1      | Found a faded altar of an unknown god.
   294 | D:1      | Prayed at the altar of an unknown god.
   294 | D:1      | Became a worshipper of Fedhas Madash
   294 | D:1      | Reached * piety under Fedhas
   298 | D:1      | Fell from the grace of Fedhas
   436 | D:1      | Reached XP level 3. HP: 30/30 MP: 3/3
   828 | D:2      | Noticed Natasha
   842 | D:2      | HP: 1/30 [Natasha (3)]
   843 | D:2      | Slain by a crimson imp

Illustrated notes

Levels and vault maps discovered:
D:1:      kennysheep_arrival_seaside, layout_loops_cross,
          dreamdust_ecumenical_altar_statues, nrook_mini_vaults, st_stairs_3,
          minmay_cut_off
D:2:      layout_rooms, basic_altar, uniq_terence, uniq_natasha

Action                   || total
-------------------------++-------
Melee: Quarterstaff      ||    72
Invok: Renounce Religion ||     1
Armor: Scale mail        ||    30
Dodge: Dodged            ||    31
Block: Buckler           ||    18
